 Dungeon Crawl Stone Soup version 0.23.1-37-gaa34b87 (webtiles) character file.

Game seed: 15979616448533888870

253113 Lovchig the Severer (level 18, -1/175 HPs)
             Began as a Deep Dwarf Fighter on Mar 22, 2019.
             Was the Champion of Makhleb.
             Slain by a shock serpent (6 damage)
             ... on level 4 of the Snake Pit.
             The game lasted 02:00:36 (25614 turns).

Lovchig the Severer (Deep Dwarf Fighter)           Turns: 25614, Time: 02:00:37

Health: -1/175     AC: 32    Str: 39    XL:     18   Next: 98%
Magic:  0/0        EV: 18    Int:  9    God:    Makhleb [******]
Gold:   1983       SH: 23    Dex: 18    Spells: 17/17 levels left

rFire    . . .     SeeInvis .   C - +4 war axe (flame)
rCold    . . .     Gourm    .   H - +5 shield {reflect}
rNeg     + . .     Faith    .   Y - +1 plate armour of Trog's Approval {Str+8 Dex-2 Stlth-}
rPois    .         Spirit   +   o - +2 helmet
rElec    .         Reflect  +   m - +2 cloak {MR+}
rCorr    .         Harm     .   N - +2 pair of gloves {Str+3}
MR       +++..     Rnd*Tele +   y - +2 pair of boots
Stlth    ..........             s - amulet of guardian spirit
HPRegen  0.00/turn              l - +6 ring of dexterity
MPRegen  0.07/turn              U - +2 ring of strength

@: non-regenerating
A: damage resistance, heal wounds, hooves 1, agile 1, negative energy resistance
1, sense surroundings 3, teleportitis 1, weak 1, no regeneration
}: 2/15 runes: serpentine, barnacled
a: Heal Wounds, Minor Destruction, Lesser Servant of Makhleb, Major Destruction,
Greater Servant of Makhleb, Renounce Religion


You were on level 4 of the Snake Pit.
You worshipped Makhleb.
Makhleb was exalted by your worship.
You were not hungry.

You visited 6 branches of the dungeon, and saw 32 of its levels.
You also visited: Ossuary and Bailey.

You collected 2922 gold pieces.
You spent 939 gold pieces at shops.

Inventory:

Hand Weapons
 C - a +4 war axe of flaming (weapon)
Armour
 a - a +1 hat
 m - a +2 cloak of magic resistance (worn)
 o - a +2 helmet (worn)
 y - a +2 pair of boots (worn)
 H - a +5 shield of reflection (worn)
 N - a +2 pair of gloves of strength (worn)
 S - a +0 crystal plate armour
 Y - the +1 plate armour of Trog's Approval (worn) {Str+8 Dex-2 Stlth-}
   (You found it on level 2 of the Shoals)

   It affects your strength (+8).
   It affects your dexterity (-2).
   It makes you less stealthy.
Jewellery
 l - a +6 ring of dexterity (left hand)
 s - an amulet of guardian spirit (around neck)
 K - the ring "Ezekhlol" {SInv Stlth+}
   (You found it on level 3 of the Shoals)

   [ring of see invisible]

   It lets you see invisible.
   It makes you more stealthy.
 P - an uncursed ring of protection from magic
 T - an uncursed ring of protection from cold
 U - a +2 ring of strength (right hand)
Wands
 h - a wand of scattershot (32)
 k - a wand of paralysis (27)
 n - a wand of enslavement (26)
 t - a wand of flame (35)
 B - a wand of digging (22)
 E - a wand of disintegration (49)
 I - a wand of iceblast (16)
 Z - a wand of polymorph (9)
Scrolls
 c - 2 scrolls of holy word
 w - 10 scrolls of teleportation
 A - 12 scrolls of remove curse
 G - 4 scrolls of magic mapping
 L - 2 scrolls of identify
 R - 4 scrolls of blinking
Potions
 b - 9 potions of haste
 d - 2 potions of might
 e - 7 potions of agility
 g - 3 potions of magic
 j - 5 potions of flight
 p - 16 potions of curing
 q - 2 potions of cancellation
 r - 4 potions of brilliance
 z - 2 potions of berserk rage
 D - 3 potions of resistance
 M - 4 potions of invisibility
Miscellaneous
 u - a box of beasts
 J - a lamp of fire
 Q - a fan of gales
 V - a phantom mirror
 W - a crystal ball of energy
 X - a fan of gales
Comestibles
 f - 45 rations


   Skills:
 * Level 14.2 Fighting
 * Level 19.5 Axes
 * Level 14.5 Armour
 * Level 13.0 Dodging
 * Level 19.1 Shields


You had 17 spell levels left.
You didn't know any spells.
Your spell library contained the following spells:

 Spells                   Type           Power        Failure   Level  Hunger
 Beastly Appendage        Tmut           #.....       83%         1    ##.....
 Corona                   Hex            #......      83%         1    ##.....
 Flame Tongue             Conj/Fire      #....        83%         1    ##.....
 Sandblast                Erth           #.....       83%         1    ##.....
 Shock                    Conj/Air       #...         83%         1    ##.....
 Ensorcelled Hibernation  Hex/Ice        #.....       93%         2    ###....
 Passwall                 Tmut/Erth      #.......     93%         2    ###....
 Sticks to Snakes         Tmut           #.......     93%         2    ###....
 Swiftness                Chrm/Air       #.......     93%         2    ###....
 Throw Flame              Conj/Fire      #.....       93%         2    ###....
 Confuse                  Hex            #.......     99%         3    ####...
 Conjure Flame            Conj/Fire      #.......     99%         3    ####...
 Dazzling Spray           Conj/Hex       #.....       99%         3    ####...
 Inner Flame              Hex/Fire       #.......     99%         3    ####...
 Spider Form              Tmut/Pois      #.........   99%         3    ####...
 Static Discharge         Conj/Air       #.......     99%         3    ####...
 Stone Arrow              Conj/Erth      #.....       99%         3    ####...
 Tukima's Dance           Hex            #.......     99%         3    ####...
 Airstrike                Air            #.........   100%        4    #####..
 Cause Fear               Hex            #.........   100%        4    #####..
 Ice Form                 Ice/Tmut       #.......     100%        4    #####..
 Petrify                  Tmut/Erth      #.......     100%        4    #####..
 Sticky Flame             Conj/Fire      #.......     100%        4    #####..
 Blade Hands              Tmut           #.........   100%        5    ######.
 Bolt of Magma            Conj/Fire/Erth #.........   100%        5    ######.
 Fireball                 Conj/Fire      #.........   100%        5    ######.
 Iskenderun's Battlesphe  Conj/Chrm      #.......     100%        5    ######.
 Lee's Rapid Deconstruct  Erth           #.........   100%        5    ######.
 Lightning Bolt           Conj/Air       #.........   100%        5    ######.
 Silence                  Hex/Air        #.........   100%        5    ######.
 Venom Bolt               Conj/Pois      #.........   100%        5    ######.
 Yara's Violent Unravell  Hex/Tmut       #.........   100%        5    ######.
 Bolt of Fire             Conj/Fire      #.........   100%        6    #######
 Deflect Missiles         Chrm/Air       #.........   100%        6    #######
 Iron Shot                Conj/Erth      #.........   100%        6    #######
 Dragon Form              Tmut           #.........   100%        7    #######
 Orb of Destruction       Conj           #.........   100%        7    #######
 Spellforged Servitor     Conj/Summ      #.........   100%        7    #######
 Discord                  Hex            #.........   100%        8    #######
 Dragon's Call            Summ           #.........   100%        9    #######


Dungeon Overview and Level Annotations

Branches:
Dungeon (15/15)            Temple (1/1) D:4            Lair (6/6) D:8
 Shoals (4/4) Lair:3        Snake (4/4) Lair:4        Slime (0/5) Lair:6
    Orc (2/2) D:12            Elf (0/3) Orc:2        Vaults (0/5) D:14
 Depths (0/5) D:15

Altars:
Ashenzari
Cheibriados
Dithmenos
Elyvilon
Fedhas
Gozag
Hepliaklqana
Kikubaaqudgha
Makhleb
Nemelex Xobeh
Okawaru
Qazlal
Ru
Sif Muna
Trog
Uskayaw
Vehumet
Wu Jian
Xom
Yredelemnul
Zin
The Shining One
Beogh
Jiyva

Shops:
D:8 !   D:12 (   D:15 =   Orc:2 *}[(   Snake:3 :(}}   Snake:4 =(}*=

Annotations:
Snake:4 exclusion: obsidian statue, Irenicus's ghost, adept DDEE


Innate Abilities, Weirdness & Mutations

You are resistant to damage.
You can heal yourself by infusing magical energy.
You resist negative energy. (rN+)
You passively map a large area around you.
You do not regenerate.
You have large cloven feet.
You are agile. (Dex +2)
You are occasionally teleported next to monsters.
You are weak. (Str -2)


Message History

You hit the shock serpent. You burn the shock serpent.
The shock serpent shoots out a bolt of lightning at you!
The bolt of electricity misses you. You block Irenicus's ghost's attack.
You hit Irenicus's ghost.
Irenicus's ghost is almost destroyed.
You miss the shock serpent.
The shock serpent shoots out a bolt of lightning at you!
The bolt of electricity hits you!
* * * LOW HITPOINT WARNING * * *
You feel better.
The shock serpent shoots out a bolt of lightning at you!
The bolt of electricity hits you!!
* * * LOW HITPOINT WARNING * * *
Irenicus's ghost closely misses you. You block the shock serpent's attack.
You feel better.
Irenicus's ghost gestures at you while chanting.
The stone door frame shatters!
The blast of rock fragments hits you!!
* * * LOW HITPOINT WARNING * * *
The shock serpent bites you!
You die...

####(.......#.$$_$.∩##....#..#
.(('.......<##$$($$###....#..#
.)##........###''(##.#....#..#
..#.........#........#....'..#
..#.........#...'...##<...#.##
###........##...#...#.....#.#
...........#))..#...#.....#.#
...........#†##+#SS.##....#.#
...........)†..(@WN.(######.##
.....#########+###N..........##
.....#,, , #............#
.....# , , #)...........#
.....# , , ,, #...........##
.....# , #..........## .....#,,
+.........## †....# ,
,#.........### .....# , ,
#...........#


You could see a naga sharpshooter, a shock serpent, a black mamba, a naga mage
and Irenicus's ghost.

Vanquished Creatures
  Saint Roka (Orc:2)
  2 krakens (Shoals:3)
  The ghost of Kirua the Severer, an adept MiBe of Trog (Shoals:3)
  Agnes (D:15)
  Gastronok (Lair:1)
  11 nagarajas
  The ghost of sdfsdf the Fighter, a journeyman DDFi of Makhleb (Lair:4)
  The ghost of Caath the Blocker, a journeyman DrFi of Okawaru (Lair:5)
  6 dire elephants (Lair:6)
  The ghost of redwoodhats the Basher, a journeyman FoFi of Wu Jian (Shoals:2)
  Azrael (D:12)
  A death ooze (Lair:4)
  2 green deaths (Snake:1)
  A fire dragon (D:8)
  Snorg (D:14)
  3 merfolk javelineers (Shoals:4)
  13 merfolk impalers
  An ogre mage (Orc:2)
  18 naga warriors
  8 vault guards (D:14)
  A hydra (Lair:4)
  Erica (Lair:1)
  A catoblepas (Lair:6)
  7 merfolk aquamancers
  4 centaur warriors
  12 anacondas
  An alligator snapping turtle (Shoals:2)
  2 merfolk avatars
  8 two-headed ogres
  2 tengu warriors (D:13)
  10 shock serpents
  17 naga sharpshooters
  An orc high priest (Orc:2)
  Sonja (D:13)
  A fire crab (Lair:4)
  A salamander mystic (Snake:4)
  14 sea snakes
  20 naga ritualists
  2 unseen horrors
  Pikel (D:5)
  2 necromancers
  10 harpies
  A wizard (D:15)
  2 deep elf magi
  10 mana vipers
  4 ugly things (D:14)
  3 orc sorcerers
  7 salamanders
  17 manticores
  6 cyclopes
  9 fauns
  7 elephants (Lair:6)
  35 black mambas
  9 merfolk sirens
  Maurice (D:11)
  A torpor snail (Lair:3)
  10 water nymphs
  2 gargoyles
  4 guardian serpents
  7 spiny frogs
  24 naga magi
  8 komodo dragons
  A rime drake (Lair:6)
  An efreet (D:15)
  4 kobold demonologists
  2 redback zombies
  3 tengu conjurers
  2 polar bears (Lair:6)
  3 trolls
  7 tyrant leeches (Lair:3)
  2 hornets (D:14)
  13 wind drakes
  Grinder (D:5)
  31 merfolk
  A blink frog (shapeshifter) (D:14)
  A harpy skeleton (D:15)
  16 snapping turtles
  4 blink frogs (Lair:6)
  12 dream sheep
  14 hippogriffs
  22 slime creatures
  2 wyverns
  A vampire (D:14)
  15 water elementals
  A wraith (D:10)
  5 hogs (D:15)
  28 yaks
  4 fire elementals (D:12)
  Eustachio (D:4)
  6 vampire mosquitoes
  Grum (D:8)
  A soldier ant (shapeshifter) (D:13)
  56 nagas
  5 swamp worms (Lair:3)
  5 wargs
  An acid dragon (D:15)
  Edmund (D:5)
  13 water moccasins
  A hell hound (D:12)
  4 porcupines
  6 black bears
  4 sky beasts
  3 ice beasts
  A necrophage (D:7)
  38 orc warriors
  13 ogres
  An eye of draining (shapeshifter) (D:13)
  13 wolves
  17 centaurs
  7 big kobolds
  13 crocodiles
  Blork the orc (D:4)
  10 bullfrogs
  5 scorpions
  A water moccasin skeleton (D:5)
  9 killer bees (D:13)
  4 wights (D:14)
  An electric eel (Lair:5)
  2 crimson imps
  2 bullfrog zombies
  7 centaur zombies
  2 lava snakes (D:14)
  A wyvern simulacrum (D:13)
  8 hounds
  9 jellies
  20 orc wizards
  20 orc priests
  Crazy Yiuf (D:3)
  7 centaur skeletons
  2 bullfrog skeletons
  Jessica (D:2)
  Ijyb (D:3)
  3 iguanas
  6 worker ants
  3 polar bear simulacra (Lair:2)
  5 yak simulacra (Lair:2)
  3 wolf simulacra (Lair:2)
  3 big kobold zombies (Ossuary)
  2 hound skeletons
  6 mummies (Ossuary)
  Robin (D:4)
  4 gnolls
  15 adders
  8 shadow imps
  7 oozes
  A worm (D:2)
  4 dart slugs
  5 leopard geckos
  93 orcs
  2 ball pythons (D:4)
  8 giant cockroaches
  14 goblins
  12 hobgoblins
  5 jackals
  36 kobolds
  7 quokkas
  8 bats
  6 frilled lizards
  4 hobgoblin zombies (Ossuary)
  A leopard gecko skeleton (D:4)
  A quokka skeleton (D:4)
  3 rats
  2 fungi (Lair:6)
  3 plants
  6 tentacles (Shoals:3)
1169 creatures vanquished.

Vanquished Creatures (others)
  Kirke (D:15)
  A merfolk javelineer (Shoals:3)
  2 merfolk aquamancers
  A satyr (Shoals:2)
  A naga sharpshooter (Snake:4)
  An unseen horror (D:15)
  A harpy (Shoals:4)
  A faun (Shoals:2)
  3 cyclopes
  A naga mage (Snake:4)
  A troll (D:12)
  2 humans (D:15)
  2 nagas (Snake:4)
  An ice beast (D:12)
  3 orc warriors (Orc:2)
  9 centaurs
  An orc wizard (Orc:1)
  An adder zombie (D:5)
  5 orcs
  A giant cockroach (D:3)
  2 kobolds
  A fire vortex (D:14)
  2 fungi (Lair:3)
  7 plants
  13 tentacles (Shoals:3)
64 creatures vanquished.

Grand Total: 1233 creatures vanquished

Notes
Turn   | Place    | Note
-------+----------+-------------------------------------------
     0 | D:1      | Lovchig the Deep Dwarf Fighter began the quest for the Orb.
     0 | D:1      | Reached XP level 1. HP: 20/20 MP: 1/1
   176 | D:1      | Reached XP level 2. HP: 25/27 MP: 2/2
   778 | D:2      | Reached XP level 3. HP: 25/33 MP: 3/3
  1081 | D:2      | Reached XP level 4. HP: 25/42 MP: 4/4
  1087 | D:2      | Found a faded altar of an unknown god.
  1157 | D:2      | Reached skill level 1 in Dodging
  1264 | D:2      | Noticed Jessica
  1270 | D:2      | Killed Jessica
  1445 | D:2      | Reached XP level 5. HP: 30/49 MP: 5/5
  1716 | D:3      | Found a radiant altar of Vehumet.
  1798 | D:3      | Paralysed by a hobgoblin for 2 turns
  1832 | D:3      | Found a blossoming altar of Fedhas.
  1834 | D:3      | Noticed Ijyb
  1895 | D:3      | Killed Ijyb
  1969 | D:3      | Found a runed translucent door.
  1970 | D:3      | Noticed Crazy Yiuf
  2249 | D:3      | Reached XP level 6. HP: 25/56 MP: 6/6
  2424 | D:3      | Killed Crazy Yiuf
  2498 | D:4      | Reached skill level 5 in Axes
  2595 | D:4      | Reached XP level 7. HP: 40/62 MP: 7/7
  2598 | D:4      | Noticed Blork the orc
  2612 | D:4      | Killed Blork the orc
  2729 | D:4      | Found a staircase to the Ecumenical Temple.
  2738 | Temple   | Entered the Ecumenical Temple
  2884 | D:4      | Noticed Eustachio
  2891 | D:4      | Reached skill level 5 in Shields
  2910 | D:4      | Killed Eustachio
  3101 | D:4      | Noticed Robin
  3115 | D:4      | Killed Robin
  3159 | D:5      | Entered Level 5 of the Dungeon
  3194 | D:5      | Reached skill level 5 in Armour
  3228 | D:5      | Noticed Pikel
  3245 | D:5      | Reached XP level 8. HP: 38/72 MP: 0/8
  3266 | D:5      | Killed Pikel
  3319 | D:5      | Found a burning altar of Makhleb.
  3324 | D:5      | Became a worshipper of Makhleb the Destroyer
  3347 | D:5      | Found a hide-covered altar of Uskayaw.
  3378 | D:5      | Noticed a hippogriff
  3392 | D:5      | Killed a hippogriff
  3425 | D:5      | Found a white marble altar of Elyvilon.
  3649 | D:5      | Noticed Edmund
  3678 | D:5      | Killed Edmund
  3697 | D:5      | Found an iron altar of Okawaru.
  3703 | D:5      | Noticed Grinder
  3731 | D:5      | Paralysed by Grinder for 7 turns
  3744 | D:5      | Killed Grinder
  3744 | D:5      | Gained mutation: You passively map the area around you.
                  | [Deep Dwarf growth]
  3744 | D:5      | Reached XP level 9. HP: 25/80 MP: 0/8
  4139 | D:6      | Reached skill level 5 in Fighting
  4308 | D:6      | Found a shadowy altar of Dithmenos.
  4580 | D:7      | Found a flagged portal.
  4602 | Bailey   | Entered a bailey
  4776 | Bailey   | Reached * piety under Makhleb
  4784 | Bailey   | Noticed an orc knight
  4893 | Bailey   | Got a transparent plate armour
  4919 | Bailey   | Identified the +1 plate armour of Age Itan {+Inv} (You
                  | found it in a bailey)
  5049 | D:7      | Found a sand-covered staircase.
  5056 | Ossuary  | Entered an ossuary
  5207 | D:7      | Found a snail-covered altar of Cheibriados.
  5523 | D:7      | Found an ancient bone altar of Kikubaaqudgha.
  6060 | D:8      | Found a staircase to the Lair.
  6061 | D:8      | Noticed a fire dragon
  6087 | D:8      | Killed a fire dragon
  6087 | D:8      | Reached skill level 10 in Axes
  6087 | D:8      | Reached skill level 5 in Dodging
  6087 | D:8      | Reached XP level 10. HP: 46/91 MP: 0/6
  6143 | D:8      | Found Owauv's Distillery.
  6147 | D:8      | Bought a potion of curing for 36 gold pieces
  6147 | D:8      | Bought a potion of heal wounds for 60 gold pieces
  6147 | D:8      | Bought a potion of curing for 36 gold pieces
  6147 | D:8      | Bought a potion of curing for 36 gold pieces
  6147 | D:8      | Bought a potion of curing for 36 gold pieces
  6147 | D:8      | Bought 2 potions of curing for 72 gold pieces
  6501 | D:8      | Noticed Grum
  6537 | D:8      | Killed Grum
  6537 | D:8      | Reached ** piety under Makhleb
  7013 | D:9      | Found a glowing golden altar of the Shining One.
  7102 | D:9      | Noticed a two-headed ogre
  7125 | D:9      | Killed a two-headed ogre
  7326 | D:9      | Found an opulent altar of Gozag.
  7421 | D:9      | Found a deep blue altar of Sif Muna.
  7641 | D:10     | Entered Level 10 of the Dungeon
  7720 | D:10     | Reached *** piety under Makhleb
  7867 | D:10     | Reached XP level 11. HP: 99/99 MP: 0/6
  8182 | D:11     | Noticed Maurice
  8216 | D:11     | Killed Maurice
  8290 | D:11     | Killed an unseen horror
  8767 | D:11     | Reached **** piety under Makhleb
  8920 | D:11     | Gained mutation: You are partially covered in yellow
                  | scales. (AC +2) [potion of mutation]
  8920 | D:11     | Gained mutation: You are frail. (-10% HP) [potion of
                  | mutation]
  8920 | D:11     | Gained mutation: Your mind is acute. (Int +2) [potion of
                  | mutation]
  8921 | D:11     | Lost mutation: You are frail. (-10% HP) [potion of
                  | mutation]
  8921 | D:11     | Lost mutation: Your mind is acute. (Int +2) [potion of
                  | mutation]
  8921 | D:11     | Gained mutation: You are occasionally teleported next to
                  | monsters. [potion of mutation]
  8921 | D:11     | Gained mutation: You have a pair of small horns on your
                  | head. [potion of mutation]
  8921 | D:11     | Gained mutation: You are sometimes teleported next to
                  | monsters. [potion of mutation]
  8921 | D:11     | Gained mutation: You expend magic power (3 MP) to
                  | strengthen your wands. [potion of mutation]
  9280 | D:12     | Killed an unseen horror
  9383 | D:12     | Noticed Azrael
  9408 | D:12     | Killed Azrael
  9408 | D:12     | Reached skill level 10 in Shields
  9426 | D:12     | Reached XP level 12. HP: 83/109 MP: 0/7
  9433 | D:12     | Found a staircase to the Orcish Mines.
  9450 | D:12     | Found Kamavaor's Weapon Boutique.
  9718 | D:12     | Lost mutation: You have a pair of small horns on your head.
                  | [potion of mutation]
  9718 | D:12     | Lost mutation: You expend magic power (3 MP) to strengthen
                  | your wands. [potion of mutation]
  9718 | D:12     | Lost mutation: You are sometimes teleported next to
                  | monsters. [potion of mutation]
  9718 | D:12     | Gained mutation: You have supernaturally acute eyesight.
                  | (SInv) [potion of mutation]
  9816 | D:13     | Noticed a centaur warrior
  9825 | D:13     | Noticed a two-headed ogre
  9833 | D:13     | Killed a centaur warrior
  9838 | D:13     | Killed a two-headed ogre
  9874 | D:13     | Reached ***** piety under Makhleb
 10065 | D:13     | Noticed a tengu warrior
 10094 | D:13     | Killed a tengu warrior
 10147 | D:13     | Noticed a tengu warrior
 10156 | D:13     | Killed a tengu warrior
 10385 | D:13     | Noticed Sonja
 10454 | D:13     | Killed Sonja
 10841 | D:14     | Noticed Snorg
 10850 | D:14     | Killed Snorg
 10943 | D:14     | Reached XP level 13. HP: 118/118 MP: 0/8
 10951 | D:14     | Reached skill level 15 in Axes
 11380 | D:14     | Found a gate to the Vaults.
 11491 | D:14     | Reached skill level 10 in Armour
 11500 | D:14     | Reached ****** piety under Makhleb
 11933 | D:15     | Entered Level 15 of the Dungeon
 12150 | D:15     | Noticed Kirke
 12162 | D:15     | Killed Kirke
 12452 | D:15     | Found Tittiad's Jewellery Boutique.
 12468 | D:15     | Noticed Agnes
 12486 | D:15     | Killed Agnes
 12486 | D:15     | Gained mutation: You resist negative energy. (rN+) [Deep
                  | Dwarf growth]
 12486 | D:15     | Reached XP level 14. HP: 97/129 MP: 0/9
 12718 | D:15     | Found a staircase to the Depths.
 12908 | Orc:1    | Entered Level 1 of the Orcish Mines
 13307 | Orc:2    | Entered Level 2 of the Orcish Mines
 13317 | Orc:2    | Noticed Saint Roka
 13366 | Orc:2    | Killed Saint Roka
 13366 | Orc:2    | Reached skill level 10 in Fighting
 13443 | Orc:2    | Found a staircase to the Elven Halls.
 13498 | Orc:2    | Found Konoll's Armour Boutique.
 13498 | Orc:2    | Found Cippupyo's Gadget Shoppe.
 13503 | Orc:2    | Found Hoalip's Antique Weapon Shop.
 13839 | Orc:2    | Found Dicirrus's Assorted Antiques.
 13845 | Orc:2    | Bought a +2 pair of gloves of strength for 301 gold pieces
 13994 | Orc:2    | Found a roughly hewn altar of Beogh.
 14341 | Lair:1   | Entered Level 1 of the Lair of Beasts
 14341 | Lair:1   | Noticed Gastronok
 14341 | Lair:1   | Noticed Erica
 14359 | Lair:1   | Killed Erica
 14359 | Lair:1   | Killed Gastronok
 15689 | Lair:3   | Found a staircase to the Shoals.
 15814 | Lair:3   | Reached skill level 10 in Dodging
 15895 | Lair:3   | Reached XP level 15. HP: 140/140 MP: 0/9
 16665 | Lair:4   | Found a staircase to the Snake Pit.
 17055 | Lair:4   | You fall through a shaft for 2 floors!
 17055 | Lair:6   | Entered Level 6 of the Lair of Beasts
 17622 | Lair:5   | Noticed Caath's ghost (journeyman DrFi)
 17623 | Lair:5   | Found a runed translucent door.
 17699 | Lair:5   | Killed Caath's ghost
 17711 | Lair:5   | Lost mutation: You are partially covered in yellow scales.
                  | (AC +2) [potion of mutation]
 17711 | Lair:5   | Lost mutation: You have supernaturally acute eyesight.
                  | (SInv) [potion of mutation]
 17711 | Lair:5   | Gained mutation: You are weak. (Str -2) [potion of
                  | mutation]
 17711 | Lair:5   | Gained mutation: You have large cloven feet. [potion of
                  | mutation]
 17711 | Lair:5   | Gained mutation: You are agile. (Dex +2) [potion of
                  | mutation]
 17973 | Lair:4   | Found a runed translucent gate.
 17973 | Lair:4   | Found a runed translucent gate.
 17973 | Lair:4   | Found a viscous altar of Jiyva.
 17973 | Lair:4   | Found a runed translucent gate.
 17973 | Lair:4   | Noticed sdfsdf's ghost (journeyman DDFi)
 18009 | Lair:4   | Killed sdfsdf's ghost
 18290 | Lair:5   | Found a radiant altar of Vehumet.
 18615 | Lair:6   | Found a viscous altar of Jiyva.
 18615 | Lair:6   | Found a staircase to the Slime Pits.
 19381 | Shoals:1 | Entered Level 1 of the Shoals
 19866 | Shoals:1 | Reached XP level 16. HP: 152/152 MP: 0/9
 20159 | Shoals:2 | Noticed redwoodhats's ghost (journeyman FoFi)
 20160 | Shoals:2 | Found a transporter.
 20214 | Shoals:2 | Reached skill level 15 in Shields
 20355 | Shoals:2 | Got a polished plate armour
 20356 | Shoals:2 | Identified the +1 plate armour of Trog's Approval {Str+8
                  | Dex-2 Stlth-} (You found it on level 2 of the Shoals)
 20732 | Shoals:2 | Found a transporter.
 20948 | Shoals:2 | Killed redwoodhats's ghost
 21023 | Shoals:3 | Noticed a kraken
 21047 | Shoals:3 | Killed a kraken
 21112 | Shoals:3 | Found a runed translucent gate.
 21113 | Shoals:3 | Found a runed translucent gate.
 21113 | Shoals:3 | Noticed a kraken
 21113 | Shoals:3 | Noticed Kirua's ghost (adept MiBe)
 21133 | Shoals:3 | Found a runed translucent gate.
 21313 | Shoals:3 | Killed Kirua's ghost
 21323 | Shoals:3 | Killed a kraken
 21329 | Shoals:3 | Got a glittering iron ring
 21332 | Shoals:3 | Got a heavily runed platinum ring
 21338 | Shoals:3 | Identified the ring "Ezekhlol" {SInv Stlth+} (You found it
                  | on level 3 of the Shoals)
 21339 | Shoals:3 | Identified the cursed ring of the Shrike {*Drain EV-3 Str+3
                  | Stlth+} (You found it on level 3 of the Shoals)
 21724 | Shoals:4 | Entered Level 4 of the Shoals
 21930 | Shoals:4 | Reached XP level 17. HP: 162/162 MP: 0/9
 22095 | Shoals:4 | HP: 4/162 [water nymph/the raging water (23)]
 22293 | Shoals:4 | Got a barnacled rune of Zot
 22843 | Snake:1  | Entered Level 1 of the Snake Pit
 23307 | Snake:1  | Found a runed translucent door.
 23574 | Snake:1  | You fall through a shaft!
 23786 | Snake:2  | Got an ichor-stained plate armour
 23787 | Snake:2  | Identified the cursed +1 plate armour "Otemomaz" {*Contam
                  | +Blink MR- Int+7} (You found it on level 2 of the Snake
                  | Pit)
 23801 | Snake:2  | Gained mutation: You passively map a large area around you.
                  | [Deep Dwarf growth]
 23801 | Snake:2  | Reached XP level 18. HP: 118/172 MP: 1/1
 24172 | Snake:3  | Found Abbun's Gadget Shoppe.
 24174 | Snake:3  | Found Kiduzin's Gadget Shoppe.
 24174 | Snake:3  | Found Soigeiro's Weapon Emporium.
 24177 | Snake:3  | Found Torphegh's Book Emporium.
 24508 | Snake:4  | Entered Level 4 of the Snake Pit
 24671 | Snake:4  | Found Refregin's Jewellery Boutique.
 24737 | Snake:4  | Found Alossof's Assorted Antiques.
 24740 | Snake:4  | Found Mocaest's Gadget Shoppe.
 24743 | Snake:4  | Bought a potion of heal wounds for 145 gold pieces
 24743 | Snake:4  | Bought a scroll of enchant armour for 217 gold pieces
 25026 | Snake:4  | Got a serpentine rune of Zot
 25092 | Snake:4  | Found Salappaw's Weapon Shoppe.
 25416 | Snake:4  | Found Woadamau's Jewellery Shop.
 25538 | Snake:4  | Found a runed translucent gate.
 25538 | Snake:4  | Found a runed translucent gate.
 25538 | Snake:4  | Found a runed translucent gate.
 25548 | Snake:4  | Found an opulent altar of Gozag.
 25550 | Snake:4  | Noticed Irenicus's ghost (adept DDEE)
 25614 | Snake:4  | HP: 5/175 [Irenicus's ghost/blast of rock fragments (21)]
 25614 | Snake:4  | Slain by a shock serpent

Skill      XL: |  1  2  3  4  5  6  7  8  9 10 11 12 13 14 15 16 17 18 |
---------------+-------------------------------------------------------+-----
Fighting       | 3 4 5 6 7 8 9 10 11 12 13 14 | 14.2
Axes           | 3 4 5 6 8 10 12 13 14 16 17 18 19 | 19.5
Armour         | 4 5 6 7 8 9 10 11 12 13 14 | 14.5
Dodging        | 1 2 3 5 7 8 9 10 11 12 13 | 13.0
Shields        | 4 5 6 7 8 10 11 12 13 14 16 17 19 | 19.1

Action                   |  1- 3 |  4- 6 |  7- 9 | 10-12 | 13-15 | 16-18 || total
-------------------------+-------+-------+-------+-------+-------+-------++-------
Melee: War axe           |   107 |   200 |   369 |   779 |  1523 |  1556 ||  4534
       Unarmed           |       |    29 |       |       |       |       ||    29
       Headbutt          |       |       |       |    17 |       |       ||    17
Invok: Greater Servant o |       |       |       |       |       |     1 ||     1
 Abil: Heal Wounds       |     1 |     5 |    19 |     7 |    11 |    25 ||    68
  Use: Scroll            |     1 |     4 |    13 |    12 |     6 |    20 ||    56
       Potion            |       |       |     2 |     6 |     2 |    22 ||    32
 Stab: Distracted        |       |       |       |     1 |       |       ||     1
       Petrified         |       |       |       |       |     2 |       ||     2
       Held in net/web   |       |       |       |       |       |     2 ||     2
  Eat: Chunk             |     1 |     5 |     9 |    15 |    28 |    19 ||    77
       Ration            |       |       |     1 |       |     1 |     1 ||     3
Armor: Scale mail        |    81 |     2 |       |       |       |       ||    83
       Plate armour      |       |   124 |   295 |   380 |   212 |   580 ||  1591
       Crystal plate arm |       |       |       |       |   288 |    90 ||   378
Dodge: Dodged            |    56 |    62 |   127 |   239 |   387 |   780 ||  1651
Block: Shield            |    83 |   122 |   312 |   524 |   871 |  1948 ||  3860
       Reflection        |       |       |       |    40 |    83 |   205 ||   328
